 Dungeon Crawl Stone Soup version 0.22-a0-553-g9358b0b (webtiles) character file.

5 inc the Caller (level 1, 0/13 HPs)
             Began as an Octopode Summoner on June 25, 2018.
             Slain by a kobold
             ... wielding a +0 whip
              (1 damage)
             ... on level 1 of the Dungeon.
             The game lasted 00:00:21 (233 turns).

inc the Caller (Octopode Summoner)                   Turns: 233, Time: 00:00:22

Health: 0/13       AC:  1    Str:  7    XL:     1   Next: 80%
Magic:  2/3        EV: 13    Int: 17    God:
Gold:   25         SH:  0    Dex: 12    Spells: 3/4 levels left

rFire    . . .     SeeInvis .   e - +0 whip
rCold    . . .     Gourm    .   (no shield)
rNeg     . . .     Faith    .   (helmet restricted)
rPois    .         Spirit   .   (no amulet)
rElec    .         Reflect  .   (no ring)
rCorr    .         Harm     .   (no ring)
MR       .....                  (no ring)
Stlth    +++.......             (no ring)
HPRegen  0.04/turn              (no ring)
MPRegen  0.08/turn              (no ring)
                                (no ring)
                                (no ring)

@: no status effects
A: almost no armour, stealthy swim, amphibious, 8 rings, constrict 8, camouflage
1, gelatinous body 1
a: no special abilities


You were on level 1 of the Dungeon.
You were not hungry.

You visited 1 branch of the dungeon, and saw 1 of its levels.

You collected 25 gold pieces.

Inventory:

Hand Weapons
 e - a +0 whip (weapon)
Scrolls
 a - a scroll of identify {unknown}
 c - a scroll of remove curse {unknown}
Potions
 d - 2 potions of curing {unknown}
Comestibles
 b - a ration


   Skills:
 + Level 1.3 Fighting
 - Level 2.0 Dodging
 - Level 2.6 Stealth
 - Level 2.0 Spellcasting
 - Level 4.0 Summonings


You had 3 spell levels left.
You knew the following spells:

 Your Spells              Type           Power        Failure   Level  Hunger
a - Summon Small Mammal   Summ           ###.         3%          1    #......

Your spell library contained the following spells:

 Spells                   Type           Power        Failure   Level  Hunger
 Summon Ice Beast         Ice/Summ       #.......     63%         4    #####..
 Call Imp                 Summ           ###.....     5%          2    ###....
 Call Canine Familiar     Summ           ###.....     11%         3    ###....
 Summon Lightning Spire   Summ/Air       #.......     63%         4    #####..
 Summon Guardian Golem    Hex/Summ       #.......     26%         3    ###....


Dungeon Overview and Level Annotations

Branches:
Dungeon (1/15)

Altars:


Innate Abilities, Weirdness & Mutations

You cannot wear most types of armour.
You are very stealthy in the water. (Stealth+)
You are amphibious.
You can wear up to eight rings at the same time.
You can use your tentacles to constrict eight enemies at once.
Your skin changes colour to match your surroundings (Stealth+).
Your rubbery body absorbs attacks. (AC +1, EV +1)


Message History

The kobold hits you with a whip.
You barely miss the kobold. Your grab misses the kobold.
The kobold is moderately wounded.
The kobold hits you with a whip.
You closely miss the kobold. Your grab misses the kobold.
The kobold is moderately wounded.
The kobold hits you with a whip. x2
* * * LOW HITPOINT WARNING * * *
You are too injured to fight recklessly!
You are too injured to fight recklessly!
You are too injured to fight recklessly!
You are too injured to fight recklessly!
You are too injured to fight recklessly!
You are too injured to fight recklessly!
A kobold is nearby!
Unknown command.
Casting: Summon Small Mammal (safe; 3% risk of failure)
Confirm with . or Enter, or press ? or * to list all spells.
The kobold hits you with a whip.
You die...

# .## ##+# #......(.# ## #..# #.#
########.# .###...# #.# #.#
.......# ##.## #.# .......#######
##...## #.# .......... ..#
#.....# #.# ......#### #.#
#..#.## #.#
..........##.####r#.#.#########.#
......###......K@#...#..........#
......# ####.####.#.#.###########
#####.# #.# ##.#.## ... ..# #..##
### #### #.## .... ###.. ... ...


You could see a kobold and a friendly rat.

Vanquished Creatures
  A giant cockroach (D:1)
  A goblin (D:1)
  A hobgoblin (D:1)
  A kobold (D:1)
4 creatures vanquished.

Notes
Turn   | Place    | Note
-------+----------+-------------------------------------------
     0 | D:1      | inc the Octopode Summoner began the quest for the Orb.
     0 | D:1      | Reached XP level 1. HP: 11/11 MP: 3/3
   133 | D:1      | Reached skill level 1 in Fighting
   233 | D:1      | Slain by a kobold

Vault maps used:
D:1:      minmay_arrival_four_circles, minivault_27

Skill      XL: |  1 |
---------------+----+-----
Fighting       | 1 |  1.3
Dodging        | |  2.0
Stealth        | |  2.6
Spellcasting   | |  2.0
Summonings     | |  4.0

Action                   || total
-------------------------++-------
Melee: Unarmed           ||    11
       Whip              ||     5
       Constrict         ||     4
       Tentacles         ||     2
 Cast: Summon Small Mamm ||     1
 Stab: Sleeping          ||     3
Dodge: Dodged            ||     8

Table legend:
 A = Spawn XP
 B = Non-spawn XP
 C = Spawn XP percentage of total XP
 D = Spawn monster count
 E = Non-spawn monster count
 F = Spawn count percentage of total count
 G = Total turns spent on level
                    A         B        C        D         E        F      G
               +---------+---------+-------+---------+---------+-------+---------
         Total |       0 |       8 |   0.0 |       0 |       4 |   0.0 |   233
               +---------+---------+-------+---------+---------+-------+---------
           D:1 |       0 |       8 |   0.0 |       0 |       4 |   0.0 |   233
               +---------+---------+-------+---------+---------+-------+---------
